 Dungeon Crawl Stone Soup version 0.18-a0-902-g8738618 (webtiles) character file.

39 Jmtri7 the Charlatan (level 3, 0/26 HPs)
             Began as a Formicid Artificer on Dec 25, 2015.
             Slain by a vault guard
             ... wielding a +0 dire flail of crushing
              (2 damage)
             ... on level 13 of the Dungeon.
             The game lasted 00:03:01 (315 turns).

Jmtri7 the Charlatan (Formicid Artificer)            Turns: 315, Time: 00:03:01

Health: 0/26       AC:  5    Str: 16    XL:     3   Next: 70%
Magic:  6/6        EV: 11    Int: 11    God:
Gold:   0          SH:  0    Dex: 11    Spells: 0 memorised, 2 levels left

rFire  . . .     SeeInvis +     j - +2 short sword (venom)
rCold  . . .     Gourm    .     g - +0 ring mail
rNeg   . . .     Faith    .     (no shield)
rPois  .         Spirit   .     (helmet unavailable)
rElec  .         Dismiss  .     (no cloak)
rCorr  .         Reflect  .     (no gloves)
SustAt .         Harm     .     (no boots)
MR     +....                    (no amulet)
Stlth  +.........               (no ring)
                                i - ring of protection from magic

@: somewhat resistant to hostile enchantments, very unstealthy
A: permanent stasis, dig shafts and tunnels, four strong arms, antennae 3
a: Dig, Shaft Self


You were on level 13 of the Dungeon.
You were very hungry.

You visited 1 branch of the dungeon, and saw 8 of its levels.

Inventory:

Hand Weapons
 j - a +2 short sword of venom (weapon)
Armour
 g - a +0 ring mail (worn)
Jewellery
 i - a ring of protection from magic (left hand)
Wands
 c - a wand of flame (14/48)
 d - a wand of enslavement (0/24)
 e - a wand of random effects (15/48)
Comestibles
 f - 2 bread rations


   Skills:
 - Level 1.1 Fighting
 - Level 1.0 Short Blades
 - Level 1.7 Dodging
 - Level 1.2 Stealth
 + Level 4.8 Evocations


You had 2 spell levels left.
You didn't know any spells.

Dungeon Overview and Level Annotations

Branches:
Dungeon (12/15)            Vaults (0/5) D:13
 Temple: D:4-7         Lair: D:8-11         Orc: D:9-12

Altars:

Shops:
D:10 ?


Innate Abilities, Weirdness & Mutations

You are under a permanent stasis effect.
You can dig through walls and to a lower floor.
Your four strong arms can wield two-handed weapons with a shield.
You have a pair of large antennae on your head (SInv).


Message History

Zapping:
d - a wand of enslavement (3/24)
Press: ? - help, Shift-Dir - straight line, f/p - vault guard
Aim: a vault guard, wielding a dire flail of crushing and wearing a plate armour (chance to defeat MR: 23%)
The vault guard resists with almost no effort.
This wand has 2 charges left.
Zapping:
d - a wand of enslavement (2/24)
Press: ? - help, Shift-Dir - straight line, f/p - vault guard
Aim: a vault guard, wielding a dire flail of crushing and wearing a plate armour (chance to defeat MR: 23%)
The vault guard resists with almost no effort.
This wand has 1 charge left.
The vault guard hits you with a dire flail of crushing.
The vault guard barely misses you.
Zapping:
d - a wand of enslavement (1/24)
Press: ? - help, Shift-Dir - straight line, f/p - vault guard
Aim: a vault guard, wielding a dire flail of crushing and wearing a plate armour (chance to defeat MR: 23%)
The vault guard resists with almost no effort.
This wand has 0 charges left.
The vault guard hits you with a dire flail of crushing!
* * * LOW HITPOINT WARNING * * *
You die...

##################
#.......(.........
#...[......$.....
#....##.......#
#...####.@...##
#..## ##pp.## #..#
##9## #...


{Ypa{ #.... #.cs# #..... .H... #.....+...∩... #.....#.......# .....##.#...#.#
You could see 3 vault guards, a gargoyle, a centaur, a scorpion and a worker
ant.

Vanquished Creatures (collateral kills)
  An adder (D:12)
  4 orcs
5 creatures vanquished.

Vanquished Creatures (others)
  A hippogriff (D:10)
  An adder (D:10)
  2 orcs
4 creatures vanquished.

Grand Total: 9 creatures vanquished

Notes
Turn   | Place    | Note
--------------------------------------------------------------
     0 | D:1      | Jmtri7 the Formicid Artificer began the quest for the Orb.
     0 | D:1      | Reached XP level 1. HP: 15/15 MP: 3/3
    26 | D:1      | You fall through a shaft!
    29 | D:2      | You fall through a shaft for 2 floors!
    32 | D:4      | You fall through a shaft!
    32 | D:5      | Entered Level 5 of the Dungeon
    35 | D:5      | You fall through a shaft for 3 floors!
    35 | D:8      | Noticed a worker ant
    42 | D:8      | You fall through a shaft for 2 floors!
    42 | D:10     | Entered Level 10 of the Dungeon
    42 | D:10     | Noticed a yak
    42 | D:10     | Noticed a hippogriff
    50 | D:10     | Found Nuyxit's Magic Scroll Emporium.
    60 | D:10     | Noticed a centaur skeleton
    60 | D:10     | Noticed an orc wizard
    78 | D:10     | Reached skill level 4 in Evocations
    78 | D:10     | Reached XP level 2. HP: 19/21 MP: 5/5
    78 | D:10     | Reached XP level 3. HP: 23/26 MP: 6/6
    93 | D:10     | Noticed a big kobold
    96 | D:10     | Noticed a water moccasin
   105 | D:10     | You fall through a shaft for 2 floors!
   108 | D:12     | Noticed a wyvern skeleton
   137 | D:12     | You fall through a shaft!
   309 | D:13     | Found a gate to the Vaults.
   309 | D:13     | Noticed a centaur
   309 | D:13     | Noticed a gargoyle
   309 | D:13     | Noticed a vault guard
   309 | D:13     | Noticed a sky beast
   309 | D:13     | Noticed a vault guard
   309 | D:13     | Noticed a vault guard
   309 | D:13     | Noticed a shadow
   309 | D:13     | Noticed a vault guard
   309 | D:13     | Noticed a scorpion
   309 | D:13     | Noticed a hippogriff
   315 | D:13     | Slain by a vault guard

Vault maps used:
D:1:      dpeg_arrival_simpleton_b, minmay_misc_feat_alley,
          kennysheep_small_spiral, xom_teletrap_fun
D:4:      kiku_gazebo_pond_becter, yredelemnul_altar_generic,
          gammafunk_temple_overflow_forgotten,
          minmay_temple_entry_statues_fountains, first_bread
D:5:      lemuel_coloured_pillars_altar, serial_park_tiny_1,
          grunt_ministairs_10, kennysheep_decorative_pillar, st_stairs_6,
          serial_bayou_pond_a
D:8:      corexii_shack_village, hangedman_ru_absence,
          overflow_temple_1_default, serial_shops, nicolae_shop_crystal, shop,
          shop, hangedman_ranch
D:10:     serial_shops, shop, uniq_urug
D:12:     david_orc_5, uniq_maud, uniq_harold
D:13:     lightli_vaults_fourway_checkpoint, minivault_10

Action                   || total
-------------------------++-------
 Abil: Shaft Self        ||     7
       Dig               ||     4
Evoke: Wand              ||    16
